 Dungeon Crawl Stone Soup version 0.20-a0-386-g2d247ea (webtiles) character file.

403233 AppleBrandy the Shatterer (level 23, -7/178 HPs)
             Began as a Gargoyle Berserker on Dec 28, 2016.
             Was a High Priest of Trog.
             Mangled by a titan (illusionary) (24 damage)
             ... on level 2 of the Depths on Dec 29, 2016.
             The game lasted 04:51:30 (45554 turns).

AppleBrandy the Shatterer (Gargoyle Berserker)     Turns: 45554, Time: 04:51:31

Health: -7/178     AC: 48    Str: 30    XL:     23   Next: 35%
Magic:  33/33      EV: 24    Int: 23    God:    Trog [*****.]
Gold:   1809       SH:  0    Dex: 24    Spells: 22/22 levels left

rFire  + + +     SeeInvis +     W - +4 great mace (crush)
rCold  + + .     Gourm    .     X - quicksilver dragon scales of Urungauj {rElec rF+ rC+ MR+}
rNeg   + + +     Faith    .     (shield currently unavailable)
rPois  ∞         Spirit   .     Z - +0 mask of the Dragon {MR+ Slay+3 SInv}
rElec  +         Reflect  .     h - +5 cloak of Rotation {*Drain Int+8}
rCorr  .         Harm     .     m - +0 pair of gloves of the Leaf {rF+++ rN+ Str-4 Dex+4}
MR     +++++                    Y - +2 pair of boots {run}
Stlth  ++........               e - amulet "Piosh" {rPois Regen+ Str+4 Int+2}
                                c - ring "Demef" {MR++ Dex+4 SInv}
                                D - ring "Kydoic" {rF+ rN+ Dex+3 Stlth+}

@: hasted, very quick
A: antennae 1, big wings, beak, rugged brown scales 1, thin metallic scales 1,
agile 2, blink, clever 2, cold resistance 1, magic resistance 1, negative energy
resistance 1, robust 1, shaggy fur 1, electricity resistance, unbreathing,
evolution 1, petrification resistance, rot immunity, AC +17
}: 2/15 runes: decaying, serpentine
a: Fly, Blink, Berserk, Trog's Hand, Brothers in Arms, Burn Spellbooks, Renounce
Religion


You were on level 2 of the Depths.
You worshipped Trog.
Trog was extremely pleased with you.
You were not hungry.

You visited 9 branches of the dungeon, and saw 41 of its levels.
You also visited: Trove and Sewer.

You collected 4884 gold pieces.
You spent 3075 gold pieces at shops.

Inventory:

Hand Weapons
 u - a +6 antimagic great mace
 B - a +3 great mace of freezing
 L - a +1 demon whip of freezing
 W - a +4 great mace of crushing (weapon)
Missiles
 C - 15 poisoned javelins
 E - 8 javelins of returning (quivered)
 R - 6 javelins of penetration
Armour
 h - the +5 cloak of Rotation (worn) {*Drain Int+8}
   (You found it in a treasure trove)

   It affects your intelligence (+8).
   It causes draining when unequipped.
 m - the +0 pair of gloves of the Leaf (worn) {rF+++ rN+ Str-4 Dex+4}
   (You bought it in a shop on level 13 of the Dungeon)

   It affects your strength (-4).
   It affects your dexterity (+4).
   It renders you almost immune to fire.
   It protects you from negative energy.
 y - the -2 buckler "Oheap" {rN+ rCorr Dex+4 Stlth+}
   (You found it on level 4 of the Swamp)

   It affects your dexterity (+4).
   It protects you from negative energy.
   It protects you from acid and corrosion.
   It makes you more stealthy.
 X - the quicksilver dragon scales of Urungauj (worn) {rElec rF+ rC+ MR+}
   (You found it on level 6 of the Lair of Beasts)

   It protects you from fire.
   It protects you from cold.
   It insulates you from electricity.
   It affects your resistance to hostile enchantments.
 Y - a +2 pair of boots of running (worn)
 Z - the +0 mask of the Dragon (worn) {MR+ Slay+3 SInv}
   (You found it in a treasure trove)

   It affects your accuracy and damage with ranged weapons and melee attacks
   (+3).
   It affects your resistance to hostile enchantments.
   It lets you see invisible.
Jewellery
 c - the ring "Demef" (right hand) {MR++ Dex+4 SInv}
   (You bought it in a shop on level 2 of the Orcish Mines)

   [ring of see invisible]

   It affects your dexterity (+4).
   It affects your resistance to hostile enchantments.
   It lets you see invisible.
 e - the amulet "Piosh" (around neck) {rPois Regen+ Str+4 Int+2}
   (You bought it in a shop on level 1 of the Depths)

   [amulet of regeneration]

   It affects your strength (+4).
   It affects your intelligence (+2).
   It protects you from poison.
   It increases your rate of regeneration.
 D - the ring "Kydoic" (left hand) {rF+ rN+ Dex+3 Stlth+}
   (You took it off a vampire mage on level 3 of the Crypt)

   [ring of positive energy]

   It affects your dexterity (+3).
   It protects you from fire.
   It protects you from negative energy.
   It makes you more stealthy.
 V - an uncursed ring of protection from cold
Wands
 g - a wand of disintegration (12/24)
 t - a wand of acid (5/15)
 A - a wand of flame (18/48)
 J - a wand of lightning (11/15)
 P - a wand of iceblast (7/15)
 S - a wand of digging (11/24)
Scrolls
 b - 5 scrolls of recharging
 k - a scroll of silence
 n - a scroll of immolation
 s - 12 scrolls of remove curse
 v - 7 scrolls of magic mapping
 w - 5 scrolls of fear
 z - 8 scrolls of fog
 K - 3 scrolls of blinking
 O - 4 scrolls of teleportation
 T - 3 scrolls of holy word
Potions
 a - a potion of agility
 f - 3 potions of lignification
 i - 18 potions of curing
 j - 3 potions of magic
 l - 9 potions of haste
 r - 3 potions of resistance
 U - a potion of might
Miscellaneous
 p - a sack of spiders
 x - a disc of storms
 G - a phantom mirror
 H - a fan of gales
Comestibles
 d - 11 slices of pizza
 o - 19 meat rations
 q - 17 chunks of flesh
 I - a royal jelly
 M - 12 bread rations
 Q - 17 fruits


   Skills:
 - Level 20.5 Fighting
 - Level 21.0 Maces & Flails
 - Level 7.2 Throwing
 - Level 15.6 Armour
 + Level 13.1 Dodging
 + Level 11.6 Shields
 + Level 14.2 Evocations


You had 22 spell levels left.
You didn't know any spells.

Dungeon Overview and Level Annotations

Branches:
Dungeon (15/15)            Temple (1/1) D:6            Lair (6/6) D:9
  Swamp (4/4) Lair:4        Snake (4/4) Lair:2        Slime (0/5) Lair:6
    Orc (2/2) D:9             Elf (0/3) Orc:2        Vaults (4/5) D:13
  Crypt (3/3) Vaults:3       Tomb (0/3) Crypt:3      Depths (2/5) D:15

Altars:
Ashenzari
Cheibriados
Dithmenos
Elyvilon
Fedhas
Gozag
Hepliaklqana
Kikubaaqudgha
Makhleb
Nemelex Xobeh
Okawaru
Qazlal
Ru
Sif Muna
Trog
Uskayaw
Vehumet
Xom
Yredelemnul
Zin
The Shining One
Beogh
Jiyva

Shops:
D:10 *   D:13 *   D:15 (   Orc:2 ([*=   Snake:1 (   Snake:3 :   Snake:4 (
Vaults:1 (   Vaults:4 ::([   Depths:1 =}=

Portals:
Hell: Depths:1 Depths:2


Innate Abilities, Weirdness & Mutations

You are resistant to torment.
Your stone body is resilient. (AC +17)
You are immune to poison.
Your large and strong wings let you fly indefinitely.
You resist negative energy. (rN+)
You are resistant to electric shocks. (rElec)
You can survive without breathing.
You are immune to petrification.
You are immune to rotting.
You have a pair of small antennae on your head.
You have a beak for a mouth.
You are partially covered in rugged brown scales. (AC +1, +3% HP)
You are partially covered in thin metallic scales. (AC +2)
You are very agile. (Dex +4)
You can translocate small distances at will.
Your mind is very acute. (Int +4)
Your flesh is cold resistant. (rC+)
You are resistant to hostile enchantments. (MR+)
You are robust. (+10% HP)
You are covered in fur. (AC +1)
You evolve.


Message History

Your skin stops crawling.
You feel less resistant to hostile enchantments.
You beat the titan like a drum!!!
The titan is heavily wounded.
The titan barely misses you.
The rakshasa hits you but does no damage.
You barely miss the titan.
The titan is heavily wounded.
The titan closely misses you.
You hit the titan. You peck the titan, but do no damage.
The titan is heavily wounded.
The rakshasa hits you from afar with a trident.
* * * LOW HITPOINT WARNING * * *
You thump the titan! You peck the titan!
The titan is heavily wounded.
The titan hits you!!
* * * LOW HITPOINT WARNING * * *
The rakshasa misses you.
You feel yourself speed up. The titan hits you!!
You die...

.....# .##... #.....#
..#'. #.....## ...##
#.....##....##
#######.....#[....#
......##..R..##
......##RR...##
.......##CR...# #
#....@#{....# #####
##....##....$# ......
##....##.....# ......
..'#.(..##.....##.....
#....##....##.....
#.... .... ##)..# #...
#... .$. #..(#.##. #..
).. #...#..## ##..
#..(#...## ##...


You could see a titan and 3 rakshasas.

Vanquished Creatures
  Mara (Vaults:3)
  A juggernaut (Depths:2)
  Bai Suzhen (Depths:1)
  Margery (Vaults:4)
  A curse toe (Crypt:3)
  Nikola (Swamp:4)
  A profane servitor (Crypt:3)
  A bone dragon (Swamp:4)
  5 liches
  Rupert (D:15)
  A titan (Depths:2)
  8 ancient champions
  2 sphinxes
  Roxanne (Swamp:1)
  2 thorn hunters (Swamp:4)
  Donald (Swamp:4)
  A storm dragon (Vaults:3)
  2 revenants
  7 nagarajas
  4 fire giants
  8 vault wardens
  3 frost giants
  2 deep elf sorcerers (Vaults:3)
  2 iron dragons (Depths:2)
  An orc warlord (Orc:2)
  Aizul (Snake:1)
  6 ghouls
  A deep elf elementalist (Depths:2)
  10 stone giants
  2 entropy weavers
  3 reapers (Crypt:3)
  5 very ugly things
  7 ironheart preservers
  6 vampire knights
  2 green draconians (Swamp:2)
  2 deep elf annihilators
  Azrael (D:15)
  5 eidola
  7 spark wasps (Depths:1)
  4 ettins
  4 deep elf death magi
  A green death (Crypt:3)
  5 yaktaur captains
  5 fire dragons
  9 jiangshi
  3 great orbs of eyes
  5 ice dragons
  3 rakshasas
  14 naga warriors
  17 hydras
  10 vault guards
  A ghost crab (Swamp:4)
  3 spriggan air magi
  A catoblepas (Lair:6)
  11 ogre magi
  An anaconda (shapeshifter) (Vaults:1)
  7 centaur warriors
  14 death yaks
  2 deep troll shamans
  45 two-headed ogres
  12 anacondas
  10 vampire magi
  6 alligators
  2 deep troll earth magi (Depths:1)
  9 tengu warriors
  6 shock serpents
  2 spriggan berserkers (Depths:2)
  5 deep elf knights
  Sonja (Lair:2)
  3 orc high priests (Orc:2)
  10 naga sharpshooters
  3 soul eaters
  3 salamander mystics
  An iron troll (D:13)
  7 skeletal warriors
  6 shadow wraiths
  A spriggan druid (Swamp:4)
  5 flayed ghosts
  6 unseen horrors
  3 hell knights (Vaults:4)
  15 deep trolls
  A spectral hydra (Swamp:4)
  A glowing orange brain (Depths:1)
  7 naga ritualists
  5 deep elf archers
  2 wizards
  10 phantasmal warriors
  5 orc knights
  A lindwurm (Lair:6)
  6 swamp dragons
  Pikel (D:7)
  A lindwurm (shapeshifter) (Vaults:3)
  A shambling mangrove (Swamp:1)
  A large abomination (Crypt:3)
  A harpy (Vaults:2)
  5 necromancers
  11 ironbrand convokers
  A wolf spider zombie (D:13)
  A hell hog zombie (Crypt:1)
  A stone giant zombie (Vaults:2)
  16 deep elf magi
  A human zombie (Vaults:1)
  2 orb spiders (shapeshifter)
  3 orc sorcerers (Orc:2)
  9 mana vipers
  2 oklob plants (D:10)
  5 wolf spiders
  A fire giant zombie (Crypt:3)
  10 salamanders
  15 ugly things
  7 cyclopes
  5 elephants (Lair:6)
  A guardian serpent (shapeshifter) (Vaults:2)
  35 black mambas
  3 guardian serpents (Snake:4)
  4 centaur zombies
  A dire elephant zombie (Crypt:3)
  Maurice (Orc:2)
  2 rust devils (D:7)
  14 vault sentinels
  Joseph (D:7)
  3 gargoyles
  16 naga magi
  A red draconian zombie (Crypt:1)
  10 spiny frogs
  A komodo dragon (shapeshifter) (Vaults:1)
  27 yaktaurs
  A rime drake (Lair:3)
  10 komodo dragons
  A demonic crawler (Crypt:3)
  A yaktaur zombie (Vaults:1)
  10 freezing wraiths
  A kobold demonologist (D:15)
  4 swamp worm zombies (Swamp:4)
  4 hydra zombies (Swamp:4)
  2 catoblepas skeletons
  3 tengu conjurers
  4 trolls
  A jumping spider (shapeshifter) (Vaults:3)
  3 tyrant leeches
  A sphinx simulacrum (Vaults:2)
  A hornet (shapeshifter) (Vaults:1)
  3 meliai (D:10)
  9 hornets
  3 polar bears (Lair:6)
  A blink frog (shapeshifter) (Vaults:3)
  7 blink frogs
  46 slime creatures
  Prince Ribbit (D:9)
  A hydra skeleton (Crypt:2)
  3 alligator zombies (Swamp:4)
  A hippogriff (shapeshifter) (Vaults:3)
  13 hippogriffs
  3 spectral swamp dragons (Swamp:4)
  13 bog bodies
  A raiju (shapeshifter) (Depths:2)
  A guardian serpent zombie (Crypt:2)
  Sigmund (D:4)
  A human simulacrum (Vaults:2)
  8 shadows
  A stone giant simulacrum (Vaults:1)
  2 redbacks (Vaults:4)
  11 flying skulls (Crypt:1)
  2 ice dragon zombies (Crypt:3)
  3 spriggans
  An ettin skeleton (Crypt:3)
  3 wraiths
  10 yaks
  2 satyr skeletons (Crypt:3)
  2 spriggans (shapeshifter)
  5 air elementals (Depths:1)
  3 wyverns
  3 water elementals (Depths:1)
  2 vampires (Crypt:3)
  A fire bat (shapeshifter) (Vaults:3)
  A chaos spawn (Crypt:3)
  3 basilisks
  2 hungry ghosts
  2 fire elementals (D:15)
  38 vampire mosquitoes
  2 wargs
  22 insubstantial wisps
  An acid dragon (Vaults:2)
  67 nagas
  17 swamp worms
  2 hell hounds (D:15)
  12 water moccasins
  Duvessa (D:7)
  8 porcupines
  A floating eye (shapeshifter) (Crypt:3)
  A gelid demonspawn skeleton (Crypt:2)
  A small abomination (Crypt:3)
  A black bear (shapeshifter) (Vaults:3)
  An ettin simulacrum (Vaults:2)
  5 ice beasts
  40 orc warriors
  8 sky beasts
  2 hornet zombies
  2 ogre skeletons
  A spiny frog skeleton (Crypt:3)
  13 swamp drakes
  3 black bears
  13 wolves
  2 necrophages
  An eye of draining (shapeshifter) (Vaults:2)
  31 ogres
  7 phantoms
  3 swamp dragon zombies (Swamp:4)
  10 boggarts
  A swamp dragon skeleton (Crypt:3)
  A human skeleton (Vaults:2)
  2 torpor snail zombies
  14 crocodiles
  24 centaurs
  17 bullfrogs
  A wyvern zombie (D:9)
  A glowing shapeshifter simulacrum (Vaults:3)
  A deep troll simulacrum (Vaults:1)
  A wyvern skeleton (D:15)
  Dowan (D:7)
  A water moccasin skeleton (D:5)
  3 scorpions
  An elf simulacrum (Vaults:2)
  6 killer bees (D:10)
  14 wights
  3 howler monkeys
  2 vampire bats (Lair:2)
  9 electric eels
  4 crimson imps
  3 lava snakes (Snake:2)
  2 bullfrog zombies (D:12)
  A gnoll shaman (D:4)
  A basilisk zombie (Crypt:2)
  4 jellies
  18 orc priests
  2 bullfrog skeletons (D:12)
  A hound (D:5)
  34 orc wizards
  5 centaur skeletons
  2 basilisk skeletons
  4 iguanas
  2 spectral swamp drakes (Swamp:4)
  9 worker ants
  A hell rat (Crypt:3)
  4 lightning spires (Depths:1)
  A felid zombie (Crypt:3)
  A felid skeleton (Crypt:3)
  A hound zombie (D:10)
  A hound skeleton (D:4)
  A howler monkey zombie (D:7)
  2 worker ant zombies
  13 adders
  2 swamp drake zombies (Swamp:4)
  11 gnolls
  5 shadow imps
  3 oozes
  2 lava snake zombies (Crypt:1)
  An adder skeleton (D:7)
  A worm (D:4)
  9 leopard geckos
  92 orcs
  5 ball pythons
  15 bats
  9 giant cockroaches
  5 goblins
  2 hobgoblins
  12 jackals
  6 quokkas
  A river rat zombie (Crypt:2)
  2 frilled lizards
  A hobgoblin zombie (Crypt:2)
  10 kobolds
  A quokka zombie (D:5)
  7 rats
  A rat skeleton (Crypt:2)
  2 briar patches (Swamp:4)
  2 crawling corpses (Vaults:3)
1621 creatures vanquished.

Vanquished Creatures (collateral kills)
  4 ancient champions (Crypt:3)
  2 nagarajas (Snake:4)
  A vault warden (Vaults:3)
  A ghoul (Crypt:3)
  A stone giant (Vaults:3)
  A naga warrior (Snake:4)
  An ogre mage (D:15)
  A death yak (Lair:6)
  An orc high priest (Orc:2)
  3 skeletal warriors (Crypt:3)
  A hell knight (Vaults:4)
  A salamander mystic (Snake:3)
  A deep troll (Depths:1)
  A deep elf archer (Vaults:3)
  A naga ritualist (Snake:4)
  An orc knight (Orc:2)
  A necromancer (Vaults:4)
  2 salamanders (Snake:3)
  2 stone giant zombies (Crypt:3)
  4 black mambas (Snake:3)
  4 yaktaurs
  A slime creature (Swamp:4)
  A shock serpent simulacrum (Crypt:3)
  2 vampires (Crypt:3)
  6 nagas
  A swamp dragon zombie (Crypt:3)
  An orc warrior (Orc:2)
  2 orc wizards (Orc:2)
  2 orcs
51 creatures vanquished.

Vanquished Creatures (others)
  3 black mambas
  A centaur simulacrum (D:15)
  2 slaves (D:7)
  3 ball lightnings (Depths:1)
  2 orcs (Orc:2)
  A briar patch (Swamp:4)
  A fungus (Lair:2)
  3 plants
16 creatures vanquished.

Grand Total: 1688 creatures vanquished

Notes
Turn   | Place    | Note
-------+----------+-------------------------------------------
     0 | D:1      | AppleBrandy the Gargoyle Berserker began the quest for the Orb.
     0 | D:1      | Reached XP level 1. HP: 14/14 MP: 1/1
   316 | D:1      | Reached XP level 2. HP: 16/19 MP: 2/2
   984 | D:2      | Reached skill level 4 in Maces & Flails
   986 | D:2      | Found a faded altar of an unknown god.
  1144 | D:2      | Reached ** piety under Trog
  1284 | D:2      | Reached XP level 3. HP: 23/23 MP: 3/3
  1378 | D:2      | Found a basalt altar of Yredelemnul.
  1553 | D:3      | Found a white marble altar of Elyvilon.
  1647 | D:3      | Found a hazy altar of Hepliaklqana.
  1734 | D:3      | Reached skill level 5 in Maces & Flails
  1734 | D:3      | Reached XP level 4. HP: 26/28 MP: 4/4
  2100 | D:3      | Reached XP level 5. HP: 24/32 MP: 5/5
  2103 | D:3      | Reached skill level 6 in Maces & Flails
  2560 | D:4      | Reached XP level 6. HP: 34/37 MP: 6/6
  2601 | D:4      | Reached skill level 7 in Maces & Flails
  2785 | D:4      | Reached XP level 7. HP: 38/41 MP: 7/7
  3150 | D:4      | Noticed Sigmund
  3205 | D:4      | Reached skill level 8 in Maces & Flails
  3237 | D:4      | Killed Sigmund
  3396 | D:4      | Gained mutation: You are partially covered in thin metallic scales. (AC +2) [potion of mutation]
  3396 | D:4      | Gained mutation: You have a pair of small antennae on your head. [potion of mutation]
  3396 | D:4      | Gained mutation: Your magical capacity is low. (-10% MP) [potion of mutation]
  3397 | D:4      | Gained mutation: You are resistant to hostile enchantments. (MR+) [potion of mutation]
  3397 | D:4      | Gained mutation: Your muscles are strong. (Str +2) [potion of mutation]
  3397 | D:4      | Gained mutation: Your mind is acute. (Int +2) [potion of mutation]
  3416 | D:5      | Entered Level 5 of the Dungeon
  3532 | D:5      | Reached skill level 9 in Maces & Flails
  3655 | D:5      | Reached XP level 8. HP: 46/46 MP: 7/7
  3951 | D:5      | Found a shimmering altar of Xom.
  4327 | D:6      | Found a glowing drain.
  4376 | Sewer    | Entered a sewer
  4383 | Sewer    | Reached *** piety under Trog
  4665 | D:6      | Found a sparkling altar of Nemelex Xobeh.
  4718 | D:6      | Found a staircase to the Ecumenical Temple.
  4729 | Temple   | Entered the Ecumenical Temple
  4975 | D:6      | Reached skill level 10 in Maces & Flails
  5246 | D:6      | Found a radiant altar of Vehumet.
  5632 | D:6      | Gained mutation: You are agile. (Dex +2) [potion of mutation]
  5632 | D:6      | Gained mutation: You have large cloven feet. [potion of mutation]
  5632 | D:6      | Gained mutation: Your large and strong wings let you fly indefinitely. [potion of mutation]
  5844 | D:7      | Noticed Joseph
  5855 | D:7      | Reached skill level 11 in Maces & Flails
  5867 | D:7      | Killed Joseph
  5867 | D:7      | Reached XP level 9. HP: 51/51 MP: 8/8
  5962 | D:7      | Found a hide-covered altar of Uskayaw.
  6026 | D:7      | Found a glowing silver altar of Zin.
  6131 | D:7      | Noticed Duvessa
  6131 | D:7      | Noticed Dowan
  6138 | D:7      | Killed Duvessa
  6138 | D:7      | Reached skill level 12 in Maces & Flails
  6327 | D:7      | Noticed Pikel
  6331 | D:7      | Killed Pikel
  6331 | D:7      | Reached skill level 13 in Maces & Flails
  6344 | D:7      | Killed Dowan
  6840 | D:8      | Found a blossoming altar of Fedhas.
  6942 | D:8      | Reached XP level 10. HP: 56/56 MP: 9/9
  6972 | D:8      | Noticed a two-headed ogre
  6979 | D:8      | Killed a two-headed ogre
  6979 | D:8      | Reached skill level 14 in Maces & Flails
  7064 | D:8      | Found a sacrificial altar of Ru.
  7215 | D:6      | Noticed a rust devil
  7215 | D:6      | Noticed a rust devil
  7505 | D:7      | HP: 3/84 [rust devil (11)]
  7846 | D:9      | Noticed Prince Ribbit
  7864 | D:9      | Killed Prince Ribbit
  7945 | D:9      | Noticed a death yak
  7951 | D:9      | Noticed a death yak
  7952 | D:9      | Noticed a death yak
  7953 | D:9      | Noticed a death yak
  7953 | D:9      | Noticed a death yak
  7956 | D:9      | Noticed a death yak
  7957 | D:9      | Noticed a death yak
  7968 | D:9      | Killed a death yak
  7968 | D:9      | Reached skill level 5 in Fighting
  8378 | D:7      | Killed a rust devil
  8428 | D:7      | Killed a rust devil
  8729 | D:9      | Killed a death yak
  8729 | D:9      | Reached XP level 11. HP: 31/66 MP: 9/9
  8798 | D:9      | Killed a death yak
  8858 | D:9      | Killed a death yak
  8858 | D:9      | Reached skill level 15 in Maces & Flails
  8930 | D:9      | Killed a death yak
  8941 | D:9      | Killed a death yak
  8941 | D:9      | Reached skill level 5 in Armour
  9043 | D:9      | Found a staircase to the Orcish Mines.
  9045 | D:9      | Found a staircase to the Lair.
  9451 | Lair:1   | Entered Level 1 of the Lair of Beasts
 10302 | Lair:1   | Reached **** piety under Trog
 10466 | Lair:2   | Found a staircase to the Snake Pit.
 10478 | Lair:2   | Gained mutation: You have a beak for a mouth. [potion of mutation]
 10478 | Lair:2   | Gained mutation: Your flesh is cold resistant. (rC+) [potion of mutation]
 10483 | Lair:2   | Noticed an eight-headed hydra
 10493 | Lair:2   | Killed an eight-headed hydra
 10501 | Lair:2   | Reached XP level 12. HP: 62/75 MP: 10/10
 10808 | Lair:2   | Noticed a six-headed hydra
 10817 | Lair:2   | Killed a six-headed hydra
 11085 | Lair:2   | Noticed Sonja
 11238 | Lair:2   | Killed Sonja
 11436 | Lair:3   | Reached skill level 16 in Maces & Flails
 11462 | Lair:3   | Reached skill level 10 in Armour
 11649 | Lair:3   | Noticed a seven-headed hydra
 11663 | Lair:3   | Killed a seven-headed hydra
 12414 | Lair:4   | Found a staircase to the Swamp.
 12526 | Lair:4   | Reached ***** piety under Trog
 12993 | Lair:5   | Reached XP level 13. HP: 70/79 MP: 11/11
 13175 | Lair:5   | Found a glowing golden altar of the Shining One.
 13459 | Lair:5   | Reached skill level 5 in Dodging
 13955 | Lair:6   | Entered Level 6 of the Lair of Beasts
 14352 | Lair:6   | Reached skill level 17 in Maces & Flails
 14431 | Lair:6   | Reached skill level 10 in Fighting
 14473 | Lair:6   | Got fine quicksilver dragon scales
 14484 | Lair:6   | Identified the quicksilver dragon scales of Urungauj {rElec rF+ rC+ MR+} (You found it on level 6 of the Lair of Beasts)
 14485 | Lair:6   | Identified the Guide on Unholy Rites
 14489 | Lair:6   | Got a crystal mace
 14490 | Lair:6   | Identified the +1 mace of Abomination {freeze, Str+4 Dex+2 SInv} (You found it on level 6 of the Lair of Beasts)
 14880 | Lair:6   | Found a staircase to the Slime Pits.
 14881 | Lair:6   | Found a viscous altar of Jiyva.
 15357 | Lair:3   | Mutation became permanent: Your large and strong wings let you fly indefinitely. [Gargoyle growth]
 15357 | Lair:3   | Reached XP level 14. HP: 86/88 MP: 12/12
 15427 | D:10     | Entered Level 10 of the Dungeon
 15477 | D:10     | Found Toykalu's Assorted Antiques.
 15495 | D:10     | Bought a cyan potion for 23 gold pieces
 15495 | D:10     | Bought a potion of might for 104 gold pieces
 15495 | D:10     | Bought a scroll of identify for 52 gold pieces
 15564 | D:10     | Found a portal to a secret trove of treasure.
 15711 | D:10     | Found a blossoming altar of Fedhas.
 15715 | D:10     | You are sucked into a shaft!
 15871 | D:11     | Identified Vengoesk's Papyrus of Displacement and the Birds
 16662 | D:12     | Reached skill level 1 in Shields
 17960 | D:13     | Found a gate to the Vaults.
 18004 | D:13     | Received a gift from Trog
 18017 | D:13     | Reached skill level 18 in Maces & Flails
 18017 | D:13     | Reached skill level 5 in Shields
 18114 | D:13     | Reached skill level 1 in Throwing
 18240 | D:13     | Found a white marble altar of Elyvilon.
 18418 | D:13     | Found Wopuv's Antique Artefacts.
 18428 | D:13     | Bought a sparkling diamond amulet for 105 gold pieces
 18428 | D:13     | Bought a smoking garnet amulet for 105 gold pieces
 18428 | D:13     | Bought a twitching iron ring for 105 gold pieces
 18428 | D:13     | Bought a pair of heavily runed gloves for 199 gold pieces
 18428 | D:13     | Bought a heavily runed copper ring for 105 gold pieces
 18430 | D:13     | Identified the amulet of Synoabuo {Inacc Str+3} (You bought it in a shop on level 13 of the Dungeon)
 18432 | D:13     | Identified the amulet "Gaexzish" {RegenMP rC+ Str+9 Int+4} (You bought it in a shop on level 13 of the Dungeon)
 18444 | D:13     | Identified the cursed ring of the Final Decision {*Slow AC-2 Str+6 Int+2} (You bought it in a shop on level 13 of the Dungeon)
 18448 | D:13     | Identified the ring "Otwe" {+Fly rPois rN+++ Str-2 Dex+3} (You bought it in a shop on level 13 of the Dungeon)
 18465 | D:13     | Identified the +0 pair of gloves of the Leaf {rF+++ rN+ Str-4 Dex+4} (You bought it in a shop on level 13 of the Dungeon)
 18697 | D:14     | Gained mutation: You evolve. [potion of beneficial mutation]
 18730 | D:14     | Reached ****** piety under Trog
 18861 | D:14     | Received a gift from Trog
 19032 | D:14     | Reached XP level 15. HP: 97/97 MP: 4/13
 19364 | D:15     | Entered Level 15 of the Dungeon
 19364 | D:15     | Noticed Azrael
 19446 | D:15     | Got a bloodstained flail
 19508 | D:15     | Noticed Rupert
 19534 | D:15     | Killed Rupert
 19534 | D:15     | Reached skill level 5 in Throwing
 19891 | D:15     | Killed Azrael
 19940 | D:15     | Received a gift from Trog
 20203 | D:15     | Found a staircase to the Depths.
 20216 | Depths:1 | Entered Level 1 of the Depths
 20295 | D:15     | Found Vuj Giz's Antique Weapon Emporium.
 20315 | D:15     | Reached skill level 1 in Evocations
 20722 | Orc:1    | Entered Level 1 of the Orcish Mines
 21223 | Orc:2    | Entered Level 2 of the Orcish Mines
 21280 | Orc:2    | Noticed Maurice
 21292 | Orc:2    | Killed Maurice
 21311 | Orc:2    | Found a staircase to the Elven Halls.
 21407 | Orc:2    | Received a gift from Trog
 21441 | Orc:2    | Found a roughly hewn altar of Beogh.
 21720 | Orc:2    | Received a gift from Trog
 21760 | Orc:2    | Received a gift from Trog
 21823 | Orc:2    | Noticed an orc warlord
 21854 | Orc:2    | Killed an orc warlord
 21956 | Orc:2    | Reached XP level 16. HP: 104/107 MP: 17/17
 21999 | Orc:2    | Received a gift from Trog
 22241 | Orc:2    | Found Godiq's General Store.
 22242 | Orc:2    | Found Ziuleb's Jewellery Shop.
 22249 | Orc:2    | Reached skill level 15 in Fighting
 22251 | Orc:2    | Found Beom's Antique Armour Boutique.
 22251 | Orc:2    | Found Yna Tise's Antique Weapon Boutique.
 22255 | Orc:2    | Bought a pair of embroidered boots for 357 gold pieces
 22255 | Orc:2    | Bought a glowing hat for 340 gold pieces
 22266 | Orc:2    | Identified a +2 pair of boots of running (You bought it in a shop on level 2 of the Orcish Mines)
 22295 | Orc:2    | Bought the ring "Demef" {MR++ Dex+4 SInv} for 504 gold pieces
 22449 | Orc:2    | Received a gift from Trog
 22454 | Orc:2    | Got a bloodstained morningstar {god gift}
 22459 | Orc:2    | Identified the +8 morningstar of Trog's Hope {holy, Fragile rN+ MR+ Int+3} (Trog gifted it to you on level 2 of the Orcish Mines)
 22734 | Swamp:1  | Entered Level 1 of the Swamp
 22793 | Swamp:1  | Reached skill level 5 in Evocations
 22793 | Swamp:1  | Lost mutation: Your magical capacity is low. (-10% MP) [evolution]
 23045 | Swamp:1  | Noticed Roxanne
 23085 | Swamp:1  | Killed Roxanne
 23203 | Swamp:1  | Found an opulent altar of Gozag.
 23696 | Swamp:2  | Identified a scroll of acquirement
 25116 | Swamp:3  | Gained mutation: You are partially covered in rugged brown scales. (AC +1, +3% HP) [evolution]
 25166 | Swamp:4  | Entered Level 4 of the Swamp
 25166 | Swamp:4  | Noticed Nikola
 25185 | Swamp:4  | Killed Nikola
 25268 | Swamp:4  | Got a pitted buckler
 25274 | Swamp:4  | Identified the cursed -2 buckler "Oheap" {rN+ rCorr Dex+4 Stlth+} (You found it on level 4 of the Swamp)
 25292 | Swamp:4  | Received a gift from Trog
 25326 | Swamp:4  | Noticed Donald
 25328 | Swamp:4  | Noticed a thorn hunter
 25338 | Swamp:4  | Killed Donald
 25346 | Swamp:4  | Killed a thorn hunter
 25346 | Swamp:4  | Reached XP level 17. HP: 40/119 MP: 23/23
 25896 | Swamp:4  | Noticed a bone dragon
 25916 | Swamp:4  | Killed a bone dragon
 25925 | Swamp:4  | Received a gift from Trog
 25966 | Swamp:4  | Got a decaying rune of Zot
 26433 | Snake:1  | Entered Level 1 of the Snake Pit
 26604 | Snake:1  | Found Ajeox's Antique Weapon Emporium.
 26653 | Snake:1  | Reached skill level 10 in Evocations
 26863 | Snake:1  | Noticed Aizul
 26890 | Snake:1  | Killed Aizul
 26898 | Snake:1  | Lost mutation: Your mind is acute. (Int +2) [mutagenic meat]
 26899 | Snake:1  | Gained mutation: You are occasionally teleported next to monsters. [mutagenic meat]
 26902 | Snake:1  | Lost mutation: You are occasionally teleported next to monsters. [mutagenic meat]
 26903 | Snake:1  | Gained mutation: You are partially covered in icy blue scales. (AC +2) [mutagenic meat]
 27279 | Snake:2  | Received a gift from Trog
 28458 | Snake:3  | Reached XP level 18. HP: 122/125 MP: 26/26
 28620 | Snake:3  | Received a gift from Trog
 29051 | Snake:3  | Found Huaxt's Book Boutique.
 29228 | Snake:4  | Entered Level 4 of the Snake Pit
 29278 | Snake:4  | Received a gift from Trog
 29403 | Snake:4  | Gained mutation: Armour fits poorly on your strangely shaped body. [mutagenic meat]
 29404 | Snake:4  | Gained mutation: You tend to lose your temper in combat. [mutagenic meat]
 29408 | Snake:4  | Gained mutation: Your magical capacity is low. (-10% MP) [mutagenic meat]
 29458 | Snake:4  | Lost mutation: Armour fits poorly on your strangely shaped body. [mutagenic meat]
 29613 | Snake:4  | Found Ceiv's Weapon Boutique.
 29685 | Snake:4  | Received a gift from Trog
 29688 | Snake:4  | Got a transparent morningstar {god gift}
 29787 | Snake:4  | Gained mutation: You are covered in fur. (AC +1) [mutagenic meat]
 30102 | Snake:4  | Reached skill level 10 in Dodging
 30341 | Snake:4  | Received a gift from Trog
 30421 | Snake:4  | Got a serpentine rune of Zot
 30552 | Snake:4  | Gained mutation: Your mind is acute. (Int +2) [evolution]
 30583 | Snake:4  | Upgraded the game from 0.20-a0-382-g289d6af to 0.20-a0-386-g2d247ea
 30836 | Vaults:1 | Entered Level 1 of the Vaults
 30885 | Vaults:1 | Received a gift from Trog
 31176 | Vaults:1 | Reached XP level 19. HP: 128/132 MP: 25/25
 31265 | Vaults:1 | Found Kaisaqur's Weapon Shoppe.
 31391 | Vaults:1 | Received a gift from Trog
 32012 | Vaults:1 | Reached skill level 19 in Maces & Flails
 32998 | Vaults:2 | Identified a +5 rod of shadows (10/10) (You acquired it on level 2 of the Swamp)
 33085 | Vaults:2 | Received a gift from Trog
 33488 | Vaults:2 | Lost mutation: Your mind is acute. (Int +2) [mutagenic meat]
 33592 | Vaults:2 | Identified the +8 morningstar "Xusiyf" {flame, Dex+2 SInv} (Trog gifted it to you on level 4 of the Snake Pit)
 33710 | Vaults:2 | Noticed a lich
 33726 | Vaults:2 | Killed a lich
 33726 | Vaults:2 | Received a gift from Trog
 34051 | Vaults:2 | Reached XP level 20. HP: 113/141 MP: 26/26
 34075 | Vaults:2 | Lost mutation: Your muscles are strong. (Str +2) [mutagenic meat]
 34076 | Vaults:2 | Lost mutation: You are partially covered in icy blue scales. (AC +2) [mutagenic meat]
 34183 | Vaults:2 | Lost mutation: You tend to lose your temper in combat. [mutagenic meat]
 34185 | Vaults:2 | Lost mutation: Your magical capacity is low. (-10% MP) [mutagenic meat]
 34187 | Vaults:2 | Gained mutation: You are robust. (+10% HP) [mutagenic meat]
 34188 | Vaults:2 | Gained mutation: You tend to lose your temper in combat. [mutagenic meat]
 34632 | Vaults:3 | Received a gift from Trog
 35410 | Vaults:3 | Reached skill level 20 in Maces & Flails
 35520 | Vaults:3 | Found a staircase to the Crypt.
 35520 | Vaults:3 | Found an ancient bone altar of Kikubaaqudgha.
 35521 | Vaults:3 | Found a basalt altar of Yredelemnul.
 35631 | Vaults:3 | Lost mutation: You evolve. [mutagenic meat]
 35633 | Vaults:3 | Gained mutation: You are very agile. (Dex +4) [mutagenic meat]
 35937 | Vaults:3 | Received a gift from Trog
 36325 | Vaults:3 | Noticed Mara
 36345 | Vaults:3 | Noticed AppleBrandy's illusion
 36556 | Vaults:3 | HP: 2/158 [deep elf annihilator/iron shot[an ironheart preserver] (34)]
 36886 | Vaults:3 | Killed Mara
 36886 | Vaults:3 | Reached XP level 21. HP: 147/163 MP: 30/30
 37576 | Vaults:4 | Found Geirenex's Book Shoppe.
 37577 | Vaults:4 | Found Beseig's Weapon Shop.
 38034 | Vaults:4 | Noticed Margery
 38053 | Vaults:4 | Killed Margery
 38064 | Vaults:4 | Found Farink's Book Shop.
 38102 | Vaults:4 | Received a gift from Trog
 38163 | Vaults:2 | Reached skill level 15 in Armour
 38631 | D:10     | Received a gift from Trog
 39323 | D:10     | You paid a toll of +2 storm dragon scales to enter a treasure trove
 39324 | Trove    | Entered a treasure trove
 39330 | Trove    | Got a spiked cloak
 39337 | Trove    | Identified the +2 cloak "Hihuts" {Str+4} (You found it in a treasure trove)
 39365 | Trove    | Got a shimmering hat
 39376 | Trove    | Identified the +0 hat of Limited Liability {rElec MP+9 Str-5 Dex+8} (You found it in a treasure trove)
 39396 | Trove    | Got a crude cloak
 39407 | Trove    | Identified the +5 cloak of Rotation {*Drain Int+8} (You found it in a treasure trove)
 39416 | Trove    | Got a pair of slimy boots
 39427 | Trove    | Identified the +0 pair of boots of Nidek {*Slow rElec MR++ Dex+4} (You found it in a treasure trove)
 39974 | Vaults:4 | Found Purionni's Armour Emporium.
 40322 | Crypt:1  | Entered Level 1 of the Crypt
 40650 | Crypt:1  | Received a gift from Trog
 41048 | Crypt:1  | Reached skill level 21 in Maces & Flails
 42211 | Crypt:3  | Entered Level 3 of the Crypt
 42334 | Crypt:3  | Received a gift from Trog
 42453 | Crypt:3  | Reached XP level 22. HP: 143/172 MP: 31/31
 42716 | Crypt:3  | Found a runed gate.
 42717 | Crypt:3  | Found a runed gate.
 42717 | Crypt:3  | Found a runed gate.
 42889 | Crypt:3  | Lost mutation: You tend to lose your temper in combat. [mutagenic meat]
 42894 | Crypt:3  | Got a pair of transparent gloves
 42905 | Crypt:3  | Identified the +0 pair of gloves "Dahemuyl" {rPois MR+ Stlth+} (You found it on level 3 of the Crypt)
 43093 | Crypt:3  | Received a gift from Trog
 43240 | Crypt:3  | Noticed a curse toe
 43254 | Crypt:3  | Killed a curse toe
 43278 | Crypt:3  | Got a vibrating glass ring
 43279 | Crypt:3  | Identified the ring "Kydoic" {rF+ rN+ Dex+3 Stlth+} (You took it off a vampire mage on level 3 of the Crypt)
 43284 | Crypt:3  | Received a gift from Trog
 43336 | Crypt:3  | Found an ancient bone altar of Kikubaaqudgha.
 43339 | Crypt:3  | Found a basalt altar of Yredelemnul.
 43408 | Crypt:3  | Got a heavily runed amber ring
 43410 | Crypt:3  | Identified the ring "Qudorr" {rN+ Dex+4} (You found it on level 3 of the Crypt)
 43494 | Crypt:3  | Noticed a profane servitor
 43508 | Crypt:3  | Killed a profane servitor
 43565 | Crypt:3  | Found a staircase to the Tomb.
 44080 | Depths:1 | Lost mutation: You have large cloven feet. [mutagenic meat]
 44287 | Depths:1 | Gained mutation: You can translocate small distances at will. [mutagenic meat]
 44288 | Depths:1 | Gained mutation: Your mind is acute. (Int +2) [mutagenic meat]
 44289 | Depths:1 | Gained mutation: Your mind is very acute. (Int +4) [mutagenic meat]
 44337 | Depths:1 | Reached skill level 10 in Shields
 44424 | Depths:1 | Received a gift from Trog
 44449 | Depths:1 | Gained mutation: You evolve. [mutagenic meat]
 44589 | Depths:1 | Noticed Bai Suzhen
 44609 | Depths:1 | Killed Bai Suzhen
 44650 | Depths:1 | Found Ozuhuich's Jewellery Emporium.
 44651 | Depths:1 | Found Metappoc's Gadget Shop.
 44652 | Depths:1 | Found Ehoader's Jewellery Emporium.
 44672 | Depths:1 | Bought the amulet "Piosh" {rPois Regen+ Str+4 Int+2} for 1076 gold pieces
 44929 | Depths:1 | Received a gift from Trog
 44941 | Depths:1 | Reached XP level 23. HP: 157/178 MP: 33/33
 44946 | Depths:1 | Found a runed door.
 45072 | Depths:1 | Found a gateway to Hell.
 45414 | Depths:2 | Noticed a juggernaut
 45433 | Depths:2 | Killed a juggernaut
 45554 | Depths:2 | Mangled by a titan (illusionary)

Vault maps used:
D:1:      dpeg_arrival_arbitrary_c
D:2:      chequers_ecumenical_altar_grove, yredelemnul_altar_generic
D:3:      old_standard_altar, elyvilon_altar_1
D:4:      first_bread, uniq_sigmund
D:5:      lemuel_crystal_altar
D:6:      cheibrodos_iron_armory, nemelex_xobeh_ov_fountains_minmay,
          lemuel_crystal_altar, gup_sewer_entry_pipe, bh_walls_and_bars
D:7:      eat_drink_and_be_merry_uskayaw, lemuel_doored_altar, grunt_ogre_cave,
          uniq_joseph, uniq_duvessa, uniq_pikel
D:8:      nicolae_overflow_crystal_walls, fedhas_altar_3
D:9:      dpeg_lair_monsters, uniq_prince_ribbit1
D:10:     enter_trove_2, serial_shops, shop_coins, hangedman_tree_tricks
D:13:     david_vaults_4, basic_altar, nicolae_antique_artefacts
D:14:     nicolae_lava_and_water
D:15:     grunt_enter_depths_hoard, minmay_misc_feat_alley, serial_shops,
          shop_fountains, dk_noncrumbling_3, minmay_librarian, uniq_azrael,
          uniq_rupert
Temple:   minmay_temple_bridge_abc
Lair:2:   minmay_snake_entry_guardpost_small, roderic_batcave, uniq_sonja
Lair:3:   grunt_megastairs_4
Lair:4:   minmay_swamp_entry_worms
Lair:5:   beast_lair_carwin_large_2, basic_altar, lemuel_fruit_tree
Lair:6:   grunt_lair_end_beastmaster, slime_altar_1, infiniplex_staircase_pool,
          serial_bayou_shore_b, serial_bayou_shore_b
Swamp:1:  nicolae_swamp_godswood, swamp_pool5, uniq_roxanne
Swamp:2:  nicolae_swamp_fairy_circle, hangedman_swamp_dais
Swamp:3:  hangedman_swamp_blocks
Swamp:4:  swamp_pestilence, uniq_donald, uniq_nikola
Snake:1:  serial_shops, shop, uniq_aizul
Snake:2:  nicolae_snake_lava_pool
Snake:3:  serial_shops, shop, evilmike_ambush
Snake:4:  minmay_snake_end_coiled, serial_shops, shop
Orc:1:    lightli_orcish_oven
Orc:2:    st_orc_congregation, basic_altar, uniq_maurice
Vaults:1: vaults_room_hangedman_quadrants, hangedman_vaults_stagger, v_misc_18,
          v_misc_1, ontoclasm_vaults_twist, hangedman_vaults_locks, v_rooms_4,
          nicolae_vaults_little_ls, ontoclasm_vaults_shuriken, v_pattern_2,
          serial_shops, shop
Vaults:2: nicolae_vaults_network_quincunx, st_cells, vaults_mumra_minichess,
          v_misc_28, v_misc_33, vaults_room_door_hall, v_misc_10,
          vaults_mumra_chevron, v_misc_15, vaults_room_semicircle,
          hangedman_vaults_stretched_pinwheel, nicolae_vaults_little_squares_1
Vaults:3: nicolae_vaults_yaktaur_gun_rack, v_misc_26, v_rooms_5,
          minmay_crypt_entry_necro_gods, nicolae_vaults_border_crossing,
          nicolae_vaults_arrows, v_misc_3, ontoclasm_vaults_ring_small,
          ontoclasm_vaults_claustrophobia, nicolae_vaults_little_squares_5,
          vaults_room_ringed_pool, nicolae_vaults_rhombus_7,
          ontoclasm_vaults_decontamination, vaults_room_fancy_cross,
          vaults_room_grid, nicolae_vaults_ring_of_whatevers, v_misc_22,
          uniq_mara
Vaults:4: v_alt_pattern_2, v_misc_15, vaults_dpeg_diagonal, vaults_room_pool,
          serial_shops, shop_statue, shop, nicolae_shop_crystal,
          nicolae_shop_trees, uniq_margery
Crypt:1:  st_stairs_1
Crypt:2:  nicolae_crypt_small_crypt, st_stairs_3
Crypt:3:  lightli_unholy_cathedral, corexii_leaking_fountain, pandoras_box_mu
Depths:1: pf_coc_iceberg, spider_trap, hangedman_aerie_drop, minmay_shop_grove,
          uniq_bai_suzhen
Depths:2: minmay_octo_star, grunt_decor_arrowhead, grunt_pan_entry_sceptre,
          pf_hell_entry_tar_spiral, serial_sigils,
          serial_sigils_hangedman_shear, serial_sigils_hangedman_stare,
          serial_sigils_hangedman_snap, abyss_entry
Trove:    trove_armour_six_rooms
Sewer:    sewer_big_baddie

Skill      XL: |  1  2  3  4  5  6  7  8  9 10 11 12 13 14 15 16 17 18 19 20 21 22 23 |
---------------+----------------------------------------------------------------------+-----
Maces & Flails | 4 5 6 7 9 11 13 14 15 16 17 18 19 20 21 | 21.0
Fighting       | 6 8 10 12 14 16 17 18 19 20 | 20.5
Armour         | 3 7 11 12 14 15 | 15.6
Dodging        | 2 5 9 10 11 12 13 | 13.1
Shields        | 5 6 10 11 | 11.6
Throwing       | 3 7 |  7.2
Evocations     | 4 8 11 12 13 14 | 14.2

Action                   |  1- 3 |  4- 6 |  7- 9 | 10-12 | 13-15 | 16-18 | 19-21 | 22-24 || total
-------------------------+-------+-------+-------+-------+-------+-------+-------+-------++-------
Melee: Mace              |   101 |   157 |   189 |       |       |       |       |       ||   447
       Whip              |       |       |   161 |   805 |   960 |       |       |       ||  1926
       Peck              |       |       |       |    88 |   387 |   594 |   571 |   283 ||  1923
       Great mace        |       |       |       |       |   512 |   104 |  1161 |   710 ||  2487
       Morningstar       |       |       |       |       |       |  1603 |   513 |       ||  2116
Throw: Javelin           |       |       |       |       |     1 |       |    12 |       ||    13
Invok: Berserk           |     1 |     3 |     8 |     9 |     4 |       |       |       ||    25
       Trog's Hand       |       |     2 |    10 |    10 |     8 |    14 |    11 |     4 ||    59
       Brothers in Arms  |       |       |       |       |     5 |     4 |     8 |     4 ||    21
       Burn Spellbooks   |       |       |       |       |     6 |     6 |       |     2 ||    14
 Abil: Fly               |       |       |     1 |       |       |       |       |     1 ||     2
       Stop Flying       |       |       |       |       |       |       |       |     2 ||     2
       Blink             |       |       |       |       |       |       |       |     1 ||     1
  Use: Scroll            |       |       |    18 |     5 |    17 |    13 |    14 |     7 ||    74
       Potion            |       |       |     3 |    13 |     2 |    11 |     3 |     2 ||    34
 Stab: Petrified         |       |       |       |       |     3 |       |       |       ||     3
       Sleeping          |       |       |       |       |     2 |       |     2 |       ||     4
       Distracted        |       |       |       |       |       |     3 |     2 |     1 ||     6
  Eat: Chunk             |     3 |     4 |    21 |    22 |    37 |    40 |    53 |    22 ||   202
       Meat ration       |       |     1 |       |     1 |       |       |       |       ||     2
       Fruit             |       |       |     2 |     5 |     5 |    18 |    10 |     3 ||    43
       Beef jerky        |       |       |       |       |       |       |     2 |     1 ||     3
       Pizza             |       |       |       |       |       |       |       |     1 ||     1
Armor: Animal skin       |     8 |       |       |       |       |       |       |       ||     8
       Ring mail         |    31 |   100 |    16 |       |       |       |       |       ||   147
       Scale mail        |       |       |    59 |       |       |       |       |       ||    59
       Chain mail        |       |       |    70 |    42 |       |       |       |       ||   112
       Plate armour      |       |       |       |   302 |   119 |       |       |       ||   421
       Quicksilver drago |       |       |       |       |   584 |  1037 |   736 |   469 ||  2826
Dodge: Dodged            |    64 |    95 |   112 |   191 |   823 |  1275 |  1210 |   842 ||  4612
Block: Buckler           |       |       |       |       |    51 |   247 |    67 |       ||   365
